 Dungeon Crawl Stone Soup version 0.20.1-1-g8b1a95d (webtiles) character file.

268 n0claF the Conjurer (level 6, 33/33 HPs)
             Began as a Deep Elf Conjurer on Oct 31, 2017.
             Quit the game on level 3 of the Dungeon.
             The game lasted 00:11:23 (2041 turns).

n0claF the Conjurer (Deep Elf Conjurer)             Turns: 2041, Time: 00:11:24

Health: 33/33      AC:  4    Str:  5    XL:     6   Next: 0%
Magic:  13/15      EV: 13    Int: 22    God:
Gold:   158        SH:  0    Dex: 15    Spells: 8/15 levels left

rFire    x . .     SeeInvis .   r - +0 short sword (elec)
rCold    + . .     Gourm    .   (no shield)
rNeg     . . .     Faith    .   s - +1 animal skin
rPois    .         Spirit   .   t - +0 helmet
rElec    .         Reflect  .   (no cloak)
rCorr    .         Harm     .   (no gloves)
MR       .....                  (no boots)
Stlth    ++........             (no amulet)
Regen    0.2/turn               h - ring of ice
MPRegen  0.2/turn               (no ring)

@: no status effects
A: no striking features
a: no special abilities


You were on level 3 of the Dungeon.
You were not hungry.

You visited 1 branch of the dungeon, and saw 3 of its levels.

You collected 158 gold pieces.

Inventory:

Hand Weapons
 r - a +0 short sword of electrocution (weapon)
Armour
 a - a +0 robe
 s - a +1 animal skin (worn)
 t - a +0 helmet (worn)
Jewellery
 h - a ring of ice (left hand)
Wands
 d - a wand of flame (30/48)
Scrolls
 f - 2 scrolls of identify {unknown}
 k - a scroll of remove curse {unknown}
 m - a scroll of teleportation {unknown}
 o - a scroll of blinking {unknown}
 p - a scroll of enchant armour {unknown}
Potions
 e - 3 potions of agility {unknown}
 i - 2 potions of might {unknown}
 j - 2 potions of flight {unknown}
 q - a potion of cancellation {unknown}
Books
 b - a book of Conjurations

   Spells                             Type                      Level
   a - Magic Dart                     Conjuration                  1
   b - Searing Ray                    Conjuration                  2
   c - Dazzling Spray                 Conjuration/Hexes            3
   d - Fulminant Prism                Conjuration/Hexes            4
   e - Force Lance                    Conjuration/Translocation    4
   f - Iskenderun's Mystic Blast      Conjuration                  4
Comestibles
 c - a bread ration
 l - a fruit
 n - a royal jelly


   Skills:
 + Level 0.5 Fighting
 + Level 1.4 Short Blades
 + Level 2.8 Dodging
 + Level 3.1 Stealth
 + Level 5.3 Spellcasting
 + Level 6.2 Conjurations


You had 8 spell levels left.
You knew the following spells:

 Your Spells              Type           Power        Failure   Level  Hunger
a - Magic Dart            Conj           ####         1%          1    None
b - Searing Ray           Conj           ####..       1%          2    None
c - Iskenderun's Mystic   Conj           ####....     8%          4    ####...


Dungeon Overview and Level Annotations

Branches:
Dungeon (3/15)

Altars:


Message History

The magic dart hits the bat.
The bat is severely wounded.
Casting: Magic Dart
Confirm with . or Enter, or press ? or * to list all spells.
Aiming: Magic Dart
Press: ? - help, Shift-Dir - straight line, f/p - bat
Aim: a bat (severely wounded)
The magic dart hits the bat.
You kill the bat!
Okay, then.
Unknown command.
Put on which piece of jewellery? (? for menu, Esc to quit)
Okay, then.
Okay, then.
Memorise Iskenderun's Mystic Blast, consuming 4 spell levels and leaving 8?
HP restored.
You start memorising the spell.
You continue memorising. x4
You finish memorising.
Spell assigned to 'c'.
Okay, then.
Are you sure you want to abandon this character and quit the game? (Confirm with "yes".)

#.# #.# #.# #†#
#.# #.# #.# #@#
#.################
#.................
##################


There were no monsters in sight!

Vanquished Creatures
  Sigmund (D:3)
  Robin (D:3)
  3 adders (D:2)
  An ooze (D:1)
  A worm (D:2)
  12 giant cockroaches
  11 goblins
  4 hobgoblins
  4 jackals (D:2)
  7 kobolds
  A quokka (D:2)
  4 bats
  3 frilled lizards
  9 rats
62 creatures vanquished.

Notes
Turn   | Place    | Note
-------+----------+-------------------------------------------
     0 | D:1      | n0claF the Deep Elf Conjurer began the quest for the Orb.
     0 | D:1      | Reached XP level 1. HP: 10/10 MP: 6/6
   210 | D:1      | Reached XP level 2. HP: 15/15 MP: 5/8
   435 | D:1      | Reached skill level 5 in Conjurations
   691 | D:2      | Reached XP level 3. HP: 19/19 MP: 5/9
   695 | D:2      | Learned a level 2 spell: Searing Ray
  1334 | D:2      | Reached XP level 4. HP: 24/24 MP: 7/11
  1557 | D:3      | Noticed Sigmund
  1570 | D:3      | Killed Sigmund
  1570 | D:3      | Reached skill level 1 in Short Blades
  1570 | D:3      | Reached skill level 5 in Spellcasting
  1570 | D:3      | Reached skill level 6 in Conjurations
  1570 | D:3      | Reached XP level 5. HP: 18/28 MP: 7/14
  1813 | D:3      | Noticed Robin
  1828 | D:3      | Killed Robin
  1951 | D:3      | Reached XP level 6. HP: 23/33 MP: 13/15
  2041 | D:3      | Learned a level 4 spell: Iskenderun's Mystic Blast
  2041 | D:3      | Quit the game

Skill      XL: |  1  2  3  4 |
---------------+-------------+-----
Conjurations   | 5 6 |  6.2
Short Blades   | 1 |  1.4
Stealth        | 3 |  3.1
Spellcasting   | 5 |  5.3
Fighting       | |  0.5
Dodging        | |  2.8

Action                   |  1- 3 |  4- 6 || total
-------------------------+-------+-------++-------
Melee: Short sword       |     5 |       ||     5
 Cast: Magic Dart        |    57 |    42 ||    99
       Searing Ray       |     3 |     4 ||     7
  Use: Potion            |     1 |       ||     1
  Eat: Chunk             |     1 |     2 ||     3
Armor: Robe              |     1 |     2 ||     3
Dodge: Dodged            |    11 |     3 ||    14
